AoeStats
← bela29318

Arena

510360335Analyzed
2v2 RM · 24h ago on Sep 30, 2026· 43m 33s· 4 players
Game mode
Random Map
Map size
Medium (4 player)
Population
200
Speed
Normal
Resources
Standard
Victory
Conquest
Starting age
Dark Age
Ending age
Imperial Age
RankedLock teamsTeams togetherTeam positionsShared explorationLock speedFull tech treeHidden civsTurbo modeCheats
Victory
Defeat
🇦🇷 Burgundians · Argentina
780
+13
🇦🇷 Bohemians · Argentina
759
+14
🇷🇺 Britons · Russia
736
-15
🇮🇳 Romans · India
687
-12
bela29318
8:11 Loom
10:43 Feudal Age
12:51 Double-Bit Axe
12:47 Horse Collar
16:33 Castle Age
17:34 Bow Saw
17:26 Heavy Plow
18:27 Wheelbarrow
18:50 Heavy Plow
19:57 Gold Mining
21:38 Stone Mining
22:32 Hand Cart
27:54 Forging
27:51 Scale Barding Armor
27:53 Scale Mail Armor
31:39 Imperial Age
30:42 Gold Shaft Mining
30:48 Iron Casting
30:37 Squires
29:58 Man-at-Arms
32:45 Conscription
32:08 Long Swordsman
33:00 Legionary
34:38 Crop Rotation
35:18 Blast Furnace
34:33 Chain Mail Armor
34:38 Chain Barding Armor
35:26 Conscription
38:47 Plate Barding Armor
38:05 Elite Centurion
Captain Klest
13:15 Feudal Age
16:20 Wheelbarrow
18:44 Castle Age
16:30 Horse Collar
17:12 Double-Bit Axe
19:57 Hand Cart
23:14 Caravan
24:41 Bow Saw
24:56 Gold Mining
27:45 Yeomen
27:20 Fletching
28:25 Bodkin Arrow
29:09 Heavy Plow
33:48 Imperial Age
32:11 Padded Archer Armor
33:32 Gold Shaft Mining
33:47 Leather Archer Armor
33:49 Pikeman
33:54 Elite Longbowman
34:55 Conscription
34:36 Warwolf
35:12 Hoardings
35:36 Fortified Wall
36:27 Chemistry
35:51 Ballistics
35:28 Murder Holes
35:56 Halberdier
40:17 Bracer
40:49 Ring Archer Armor
KadornaVII
11:38 Feudal Age
10:34 Horse Collar
10:42 Double-Bit Axe
13:28 Loom
14:12 Bow Saw
16:25 Castle Age
17:52 Town Watch
18:44 Wheelbarrow
18:08 Gold Mining
23:01 Stone Mining
25:44 Imperial Age
26:25 Fletching
26:41 Scale Barding Armor
26:47 Forging
27:12 Husbandry
26:33 Light Cavalry
26:36 Cavalier
28:56 Chemistry
27:53 Elite Skirmisher
30:44 Conscription
30:24 Paladin
31:34 Padded Archer Armor
33:10 Ballistics
36:08 Bodkin Arrow
36:29 Leather Archer Armor
SoloLeandro
11:46 Feudal Age
17:46 Castle Age
16:35 Double-Bit Axe
18:47 Loom
20:03 Forging
21:11 Bow Saw
24:54 Wheelbarrow
27:18 Imperial Age
28:01 Chemistry
27:40 Iron Casting
26:56 Fletching
27:48 Scale Mail Armor
32:01 Pikeman
32:41 Squires
32:43 Bodkin Arrow
32:49 Padded Archer Armor
33:52 Blast Furnace
33:08 Chain Mail Armor
38:14 Town Watch
38:20 Halberdier
41:12 Hand Cart
40:58 Town Patrol
Connection lost

Rejoining the realm…

Still unreachable

The connection could not be restored.

Session expired

The server has moved on; the page needs a fresh start.